[ AOE2 MATCH · #469784352 ]
UnrankedKhmer vs Romans
[ REPLAY ANALYSIS · EXTRACTED FROM THE RECORDED GAME ]
Feudal
—
Castle
—
Imperial
—
| APM avg | 22.6 |
| APM peak | 85 |
| eAPM avg | 21.4 |
| Villagers / military | 549 / 4346 |
Focus
⚔️ 63.3% · 🌾 36.7%
Scorpion ×943 · Ballista Elephant ×941 · Battle Elephant ×723 · Hand Cannoneer ×487 · Spearman ×430 · Scout Cavalry ×204
Feudal
—
Castle
—
Imperial
—
| APM avg | 11.4 |
| APM peak | 123 |
| eAPM avg | 11.1 |
| Villagers / military | 345 / 1309 |
Focus
⚔️ 50.3% · 🌾 49.7%
Centurion ×1111 · Trade Cart ×196 · Battering Ram ×133 · Scorpion ×64 · Monk ×1
Feudal
—
Castle
—
Imperial
—
| APM avg | 54.2 |
| APM peak | 557 |
| eAPM avg | 53.0 |
| Villagers / military | 172 / 2310 |
Focus
⚔️ 7.8% · 🌾 92.2%
Conquistador ×1991 · Bombard Cannon ×136 · Trade Cart ×123 · Scorpion ×89 · Battering Ram ×76 · Trebuchet (Packed) ×16
Feudal
—
Castle
—
Imperial
—
| APM avg | 21.4 |
| APM peak | 112 |
| eAPM avg | 19.6 |
| Villagers / military | 370 / 2546 |
Focus
⚔️ 61.4% · 🌾 38.6%
Hand Cannoneer ×631 · Militia ×521 · Mangonel ×445 · Knight ×315 · Spearman ×313 · Bombard Cannon ×300
Match map
Initial resources + every placement click. Lines = walls · curves = elevation contours. ◆ gold · ⬟ stone · ● berries · ✦ relic · ◌ wall gap
Inputs per minute
— IsaacNewton - - Turtlesr155
Build order — IsaacNewton
First 150 of 1704 actions detected
| 0:14 | Build | Town Center |
| 0:19 | Build | Town Center |
| 0:26 | Build | Town Center |
| 0:33 | Build | Town Center |
| 0:53 | Build | Town Center |
| 0:58 | Build | Town Center |
| 1:01 | Build | Town Center |
| 1:29 | Build | Mining Camp |
| 1:38 | Build | House |
| 1:40 | Build | House |
| 1:41 | Build | House |
| 1:42 | Build | House |
| 1:43 | Build | House |
| 1:45 | Build | House |
| 1:50 | Create | Villager (Male) ×5 |
| 1:50 | Create | Villager (Male) ×5 |
| 1:50 | Create | Villager (Male) ×5 |
| 1:51 | Create | Villager (Male) ×5 |
| 1:51 | Create | Villager (Male) ×5 |
| 1:56 | Create | Villager (Male) ×5 |
| 1:57 | Create | Villager (Male) ×5 |
| 1:57 | Create | Villager (Male) ×5 |
| 1:57 | Create | Villager (Male) ×5 |
| 2:18 | Create | Villager (Male) ×5 |
| 2:18 | Create | Villager (Male) ×5 |
| 2:18 | Create | Villager (Male) ×5 |
| 2:19 | Create | Villager (Male) ×5 |
| 2:19 | Create | Villager (Male) ×5 |
| 2:42 | Build | Stone Wall |
| 2:53 | Build | Stone Wall |
| 3:01 | Build | Building 490 |
| 3:03 | Build | Building 490 |
| 3:04 | Build | Building 490 |
| 3:08 | Build | Building 490 |
| 3:10 | Build | Building 490 |
| 3:12 | Build | Building 490 |
| 3:16 | Build | Building 490 |
| 3:20 | Build | Building 490 |
| 3:29 | Build | Building 490 |
| 3:31 | Build | Building 490 |
| 3:35 | Create | Villager (Male) ×3 |
| 3:35 | Create | Villager (Male) ×3 |
| 3:35 | Create | Villager (Male) ×3 |
| 3:38 | Create | Villager (Male) ×5 |
| 3:39 | Create | Villager (Male) ×5 |
| 3:39 | Create | Villager (Male) ×5 |
| 3:39 | Create | Villager (Male) ×5 |
| 3:45 | Create | Villager (Male) ×5 |
| 3:45 | Create | Villager (Male) ×5 |
| 3:45 | Create | Villager (Male) ×5 |
| 3:46 | Create | Villager (Male) ×5 |
| 3:46 | Create | Villager (Male) ×5 |
| 3:51 | Create | Villager (Male) ×4 |
| 3:51 | Create | Villager (Male) ×4 |
| 3:51 | Create | Villager (Male) ×4 |
| 3:59 | Build | Mining Camp |
| 4:07 | Build | Mining Camp |
| 4:10 | Build | Mining Camp |
| 4:12 | Build | Mining Camp |
| 4:25 | Build | House |
| 4:27 | Build | House |
| 4:28 | Build | House |
| 4:31 | Build | House |
| 4:33 | Build | House |
| 4:36 | Build | House |
| 4:37 | Build | House |
| 4:38 | Build | House |
| 4:40 | Build | House |
| 4:44 | Build | House |
| 4:45 | Build | House |
| 4:47 | Build | House |
| 4:48 | Build | House |
| 4:52 | Build | House |
| 4:53 | Build | House |
| 4:57 | Build | House |
| 4:59 | Build | House |
| 5:01 | Build | House |
| 5:03 | Build | House |
| 5:31 | Build | Market |
| 5:33 | Build | Market |
| 5:35 | Build | Market |
| 5:39 | Build | Market |
| 5:50 | Build | Lumber Camp |
| 5:53 | Create | Villager (Male) ×5 |
| 5:53 | Create | Villager (Male) ×5 |
| 5:54 | Create | Villager (Male) ×5 |
| 6:00 | Create | Villager (Male) ×5 |
| 6:01 | Create | Villager (Male) ×5 |
| 6:02 | Create | Villager (Male) ×5 |
| 6:02 | Create | Villager (Male) ×5 |
| 6:03 | Create | Villager (Male) ×5 |
| 6:04 | Create | Villager (Male) ×5 |
| 6:05 | Create | Villager (Male) ×5 |
| 6:05 | Create | Villager (Male) ×5 |
| 6:05 | Create | Villager (Male) ×5 |
| 6:14 | Build | Farm |
| 6:15 | Build | Farm |
| 6:17 | Build | Farm |
| 6:25 | Create | Trade Cart ×5 |
| 6:25 | Create | Trade Cart ×5 |
| 6:25 | Create | Trade Cart ×5 |
| 6:25 | Create | Trade Cart ×5 |
| 6:26 | Create | Trade Cart ×5 |
| 6:26 | Create | Trade Cart ×5 |
| 6:26 | Create | Trade Cart ×5 |
| 7:00 | Create | Villager (Male) ×5 |
| 7:00 | Create | Villager (Male) ×5 |
| 7:00 | Create | Villager (Male) ×5 |
| 7:00 | Create | Villager (Male) ×5 |
| 7:00 | Create | Villager (Male) ×5 |
| 7:06 | Create | Villager (Male) ×5 |
| 7:06 | Create | Villager (Male) ×5 |
| 7:06 | Create | Villager (Male) ×5 |
| 7:06 | Create | Villager (Male) ×5 |
| 7:15 | Create | Villager (Male) ×5 |
| 7:15 | Create | Villager (Male) ×5 |
| 7:15 | Create | Villager (Male) ×5 |
| 7:17 | Create | Villager (Male) ×5 |
| 7:17 | Create | Villager (Male) ×5 |
| 7:18 | Create | Villager (Male) ×5 |
| 7:18 | Create | Villager (Male) ×2 |
| 7:18 | Create | Villager (Male) ×2 |
| 7:20 | Create | Villager (Male) ×4 |
| 7:20 | Create | Villager (Male) ×4 |
| 7:20 | Create | Villager (Male) ×4 |
| 7:31 | Build | Farm |
| 7:33 | Build | Farm |
| 7:34 | Build | Farm |
| 7:35 | Build | Farm |
| 7:38 | Build | Farm |
| 7:39 | Build | Farm |
| 7:43 | Build | Farm |
| 7:47 | Build | Farm |
| 7:55 | Create | Villager (Male) ×5 |
| 7:55 | Create | Villager (Male) ×5 |
| 7:55 | Create | Villager (Male) |
| 7:56 | Create | Villager (Male) ×5 |
| 7:57 | Create | Villager (Male) ×5 |
| 7:57 | Create | Villager (Male) ×5 |
| 7:59 | Create | Villager (Male) |
| 8:00 | Create | Villager (Male) ×4 |
| 8:00 | Create | Villager (Male) ×3 |
| 8:00 | Create | Villager (Male) ×3 |
| 8:01 | Create | Villager (Male) ×2 |
| 8:01 | Create | Villager (Male) ×2 |
| 8:02 | Create | Villager (Male) ×2 |
| 8:02 | Create | Villager (Male) |
| 8:03 | Create | Villager (Male) |
| 8:03 | Create | Villager (Male) |
| 8:03 | Create | Villager (Male) |
Build order — Turtlesr155
First 150 of 581 actions detected
| 0:04 | Create | Villager (Male) ×15 |
| 0:28 | Build | Town Center |
| 0:35 | Build | Town Center |
| 0:41 | Build | Town Center |
| 0:49 | Build | Town Center |
| 0:56 | Build | Town Center |
| 1:11 | Build | Town Center |
| 1:18 | Build | Town Center |
| 1:25 | Build | Town Center |
| 1:31 | Build | Town Center |
| 1:37 | Build | Town Center |
| 1:56 | Build | House |
| 1:58 | Build | House |
| 2:00 | Build | House |
| 2:03 | Build | House |
| 2:05 | Build | House |
| 2:08 | Build | House |
| 2:09 | Build | House |
| 2:13 | Build | House |
| 2:15 | Build | House |
| 2:16 | Build | House |
| 2:18 | Build | House |
| 2:19 | Build | House |
| 2:20 | Build | House |
| 2:22 | Build | House |
| 2:24 | Build | House |
| 2:26 | Build | House |
| 2:27 | Build | House |
| 2:28 | Build | House |
| 2:29 | Build | House |
| 2:31 | Build | House |
| 2:32 | Build | House |
| 2:34 | Build | House |
| 2:35 | Build | House |
| 2:36 | Build | House |
| 2:38 | Build | House |
| 2:39 | Build | House |
| 2:40 | Build | House |
| 2:42 | Build | House |
| 2:43 | Build | House |
| 2:44 | Build | House |
| 2:45 | Build | House |
| 2:46 | Build | House |
| 2:48 | Build | House |
| 2:49 | Build | House |
| 2:50 | Build | House |
| 2:51 | Build | House |
| 2:53 | Build | House |
| 3:22 | Build | Castle |
| 3:26 | Build | Castle |
| 3:32 | Build | Castle |
| 3:36 | Build | Castle |
| 3:39 | Build | Castle |
| 3:43 | Build | Castle |
| 3:54 | Create | Villager (Male) ×15 |
| 3:55 | Create | Villager (Male) |
| 3:55 | Create | Villager (Male) ×15 |
| 3:56 | Create | Villager (Male) |
| 3:56 | Create | Villager (Male) ×15 |
| 3:57 | Create | Villager (Male) |
| 3:57 | Create | Villager (Male) ×15 |
| 3:58 | Create | Villager (Male) |
| 3:58 | Create | Villager (Male) ×15 |
| 3:59 | Create | Villager (Male) |
| 3:59 | Create | Villager (Male) ×15 |
| 4:00 | Create | Villager (Male) |
| 4:00 | Create | Villager (Male) ×15 |
| 4:01 | Create | Villager (Male) |
| 4:02 | Create | Villager (Male) ×15 |
| 4:02 | Create | Villager (Male) |
| 4:03 | Create | Villager (Male) ×15 |
| 4:03 | Create | Villager (Male) |
| 4:04 | Create | Villager (Male) ×6 |
| 4:46 | Build | Market |
| 4:49 | Build | Market |
| 4:52 | Build | Market |
| 4:54 | Build | Market |
| 4:56 | Build | Market |
| 5:03 | Build | Market |
| 5:06 | Build | Market |
| 5:09 | Build | Market |
| 5:12 | Build | Market |
| 5:15 | Build | Market |
| 5:44 | Build | Mining Camp |
| 7:31 | Build | Mining Camp |
| 8:32 | Build | Monastery |
| 8:48 | Build | Farm |
| 8:50 | Build | Farm |
| 8:53 | Build | Farm |
| 8:56 | Build | Farm |
| 9:00 | Build | Farm |
| 9:03 | Build | Farm |
| 9:05 | Build | Farm |
| 9:07 | Build | Farm |
| 9:15 | Build | Farm |
| 9:17 | Build | Farm |
| 9:36 | Build | Lumber Camp |
| 9:52 | Build | Farm |
| 9:55 | Build | Farm |
| 9:57 | Build | Farm |
| 9:59 | Build | Farm |
| 10:02 | Build | Farm |
| 10:16 | Build | Lumber Camp |
| 10:28 | Create | Trade Cart ×15 |
| 10:28 | Create | Trade Cart |
| 10:29 | Create | Trade Cart ×15 |
| 10:29 | Create | Trade Cart |
| 10:30 | Create | Trade Cart ×15 |
| 10:30 | Create | Trade Cart |
| 10:31 | Create | Trade Cart ×15 |
| 10:31 | Create | Trade Cart |
| 10:32 | Create | Trade Cart ×15 |
| 10:32 | Create | Trade Cart |
| 10:33 | Create | Trade Cart ×15 |
| 10:33 | Create | Trade Cart |
| 10:34 | Create | Trade Cart ×15 |
| 10:34 | Create | Trade Cart |
| 10:35 | Create | Trade Cart ×15 |
| 10:35 | Create | Trade Cart |
| 10:36 | Create | Trade Cart ×15 |
| 10:36 | Create | Trade Cart |
| 10:37 | Create | Trade Cart ×6 |
| 11:18 | Build | House |
| 11:22 | Build | House |
| 11:24 | Build | House |
| 11:25 | Build | House |
| 11:27 | Build | House |
| 11:29 | Build | House |
| 11:31 | Build | House |
| 11:33 | Build | House |
| 11:34 | Build | House |
| 11:36 | Build | House |
| 11:40 | Build | House |
| 11:41 | Build | House |
| 11:43 | Build | House |
| 11:45 | Build | House |
| 11:46 | Build | House |
| 11:48 | Build | House |
| 11:49 | Build | House |
| 11:52 | Build | House |
| 11:53 | Build | House |
| 11:58 | Build | House |
| 11:59 | Build | House |
| 12:01 | Build | House |
| 12:03 | Build | House |
| 12:06 | Build | House |
| 12:08 | Build | House |
| 12:10 | Build | House |
| 12:12 | Build | House |
| 12:14 | Build | House |
Build order — KingShorty71940
First 150 of 1632 actions detected
| 0:09 | Build | Town Center |
| 0:17 | Build | Town Center |
| 0:26 | Build | Town Center |
| 0:32 | Build | Town Center |
| 0:48 | Build | Castle |
| 1:01 | Build | Market |
| 1:03 | Build | Market |
| 1:07 | Build | Market |
| 1:12 | Build | Market |
| 1:19 | Build | Market |
| 1:22 | Build | Market |
| 1:41 | Build | Castle |
| 1:56 | Create | Villager (Male) ×15 |
| 1:57 | Create | Villager (Male) |
| 1:57 | Create | Villager (Male) ×15 |
| 1:58 | Create | Villager (Male) |
| 1:58 | Create | Villager (Male) ×15 |
| 1:59 | Create | Villager (Male) |
| 1:59 | Create | Villager (Male) ×15 |
| 1:59 | Create | Villager (Male) |
| 2:00 | Create | Villager (Male) ×11 |
| 2:17 | Build | Town Center |
| 3:04 | Build | Monastery |
| 3:16 | Build | Monastery |
| 3:46 | Build | Stone Wall |
| 4:23 | Build | Stone Wall |
| 4:40 | Build | Castle |
| 4:50 | Build | Castle |
| 5:16 | Build | Castle |
| 5:40 | Build | Lumber Camp |
| 5:48 | Build | Lumber Camp |
| 6:11 | Create | Villager (Male) ×15 |
| 6:11 | Create | Villager (Male) |
| 6:12 | Create | Villager (Male) ×15 |
| 6:13 | Create | Villager (Male) |
| 6:14 | Create | Villager (Male) ×15 |
| 6:14 | Create | Villager (Male) |
| 6:15 | Create | Villager (Male) ×15 |
| 6:16 | Create | Villager (Male) |
| 6:17 | Create | Villager (Male) |
| 6:50 | Build | Building 487 |
| 6:56 | Build | Building 487 |
| 7:01 | Build | Building 487 |
| 7:21 | Build | Mining Camp |
| 8:08 | Build | Lumber Camp |
| 8:36 | Create | Trade Cart ×15 |
| 8:36 | Create | Trade Cart |
| 8:37 | Create | Trade Cart ×15 |
| 8:37 | Create | Trade Cart |
| 8:38 | Create | Trade Cart ×15 |
| 8:38 | Create | Trade Cart |
| 8:39 | Create | Trade Cart ×15 |
| 8:39 | Create | Trade Cart |
| 8:40 | Create | Trade Cart ×15 |
| 8:40 | Create | Trade Cart |
| 8:41 | Create | Trade Cart ×10 |
| 8:41 | Create | Trade Cart |
| 8:58 | Build | Market |
| 9:04 | Build | Market |
| 9:41 | Build | Mining Camp |
| 10:09 | Build | Siege Workshop |
| 10:13 | Build | Siege Workshop |
| 10:19 | Build | Siege Workshop |
| 10:25 | Build | Siege Workshop |
| 10:41 | Build | Castle |
| 10:46 | Build | Castle |
| 10:49 | Build | Castle |
| 10:53 | Build | Castle |
| 10:57 | Build | Castle |
| 11:04 | Build | Castle |
| 11:42 | Build | Lumber Camp |
| 12:12 | Build | Stone Wall |
| 12:24 | Build | Building 490 |
| 12:37 | Build | Building 490 |
| 13:27 | Create | Trade Cart ×15 |
| 13:28 | Create | Trade Cart |
| 13:29 | Create | Trade Cart ×15 |
| 13:29 | Create | Trade Cart |
| 13:41 | Create | Missionary |
| 13:44 | Create | Monk |
| 13:53 | Build | House |
| 13:54 | Build | House |
| 13:55 | Build | House |
| 13:56 | Build | House |
| 13:58 | Build | House |
| 14:02 | Build | House |
| 14:04 | Build | House |
| 14:08 | Build | House |
| 14:20 | Build | House |
| 14:21 | Build | House |
| 14:24 | Build | House |
| 14:26 | Build | House |
| 14:28 | Build | House |
| 14:30 | Build | House |
| 14:31 | Build | House |
| 14:33 | Build | House |
| 14:34 | Build | House |
| 14:36 | Build | House |
| 14:38 | Build | House |
| 14:40 | Build | House |
| 15:03 | Build | Lumber Camp |
| 15:17 | Build | Lumber Camp |
| 15:28 | Build | Lumber Camp |
| 16:30 | Build | Stone Wall |
| 17:27 | Build | Stone Wall |
| 17:58 | Build | Castle |
| 18:05 | Build | Castle |
| 18:46 | Build | Stone Wall |
| 18:54 | Build | Building 490 |
| 19:11 | Build | Castle |
| 19:18 | Build | Castle |
| 19:22 | Build | Castle |
| 19:26 | Build | Castle |
| 20:18 | Build | Building 490 |
| 22:05 | Build | Stone Wall |
| 22:20 | Build | Building 490 |
| 22:50 | Build | Farm |
| 22:50 | Build | Farm |
| 22:50 | Build | Farm |
| 22:50 | Build | Farm |
| 22:50 | Build | Farm |
| 22:50 | Build | Farm |
| 22:50 | Build | Farm |
| 22:50 | Build | Farm |
| 22:50 | Build | Farm |
| 22:50 | Build | Farm |
| 22:50 | Build | Farm |
| 22:50 | Build | Farm |
| 22:50 | Build | Farm |
| 22:50 | Build | Farm |
| 22:50 | Build | Farm |
| 22:50 | Build | Farm |
| 22:50 | Build | Farm |
| 22:50 | Build | Farm |
| 22:50 | Build | Farm |
| 22:50 | Build | Farm |
| 22:51 | Build | Farm |
| 22:51 | Build | Farm |
| 22:51 | Build | Farm |
| 22:51 | Build | Farm |
| 22:51 | Build | Farm |
| 22:51 | Build | Farm |
| 22:51 | Build | Farm |
| 22:51 | Build | Farm |
| 22:51 | Build | Farm |
| 22:51 | Build | Farm |
| 22:51 | Build | Farm |
| 22:51 | Build | Farm |
| 22:51 | Build | Farm |
| 22:51 | Build | Farm |
Build order — CrazyPanda
First 150 of 1128 actions detected
| 0:08 | Create | Villager (Male) ×5 |
| 0:08 | Create | Villager (Male) ×5 |
| 0:08 | Create | Villager (Male) ×5 |
| 0:09 | Create | Villager (Male) ×5 |
| 0:09 | Create | Villager (Male) ×5 |
| 0:24 | Build | Town Center |
| 0:26 | Build | Town Center |
| 0:27 | Build | Town Center |
| 0:30 | Build | Town Center |
| 0:44 | Build | Market |
| 0:48 | Build | Market |
| 0:50 | Build | Market |
| 1:13 | Build | Castle |
| 1:16 | Build | Castle |
| 1:18 | Build | Castle |
| 1:33 | Build | House |
| 1:35 | Build | House |
| 1:36 | Build | House |
| 1:38 | Build | House |
| 1:40 | Build | House |
| 1:43 | Build | House |
| 1:45 | Build | House |
| 1:47 | Build | House |
| 1:47 | Build | House |
| 2:07 | Build | Mining Camp |
| 2:35 | Build | Stone Wall |
| 2:51 | Build | Stone Wall |
| 3:13 | Create | Villager (Male) ×5 |
| 3:13 | Create | Villager (Male) ×5 |
| 3:13 | Create | Villager (Male) ×5 |
| 3:21 | Create | Villager (Male) ×5 |
| 3:22 | Create | Villager (Male) ×5 |
| 3:22 | Create | Villager (Male) ×5 |
| 3:22 | Create | Villager (Male) ×5 |
| 3:31 | Create | Villager (Male) ×5 |
| 3:32 | Create | Villager (Male) ×5 |
| 3:33 | Create | Villager (Male) ×5 |
| 3:33 | Create | Villager (Male) ×5 |
| 4:05 | Build | Stone Wall |
| 4:22 | Create | Villager (Male) ×5 |
| 4:22 | Create | Villager (Male) ×5 |
| 4:22 | Create | Villager (Male) ×5 |
| 4:23 | Create | Villager (Male) ×5 |
| 4:46 | Create | Trade Cart ×5 |
| 4:46 | Create | Trade Cart ×5 |
| 4:46 | Create | Trade Cart ×5 |
| 4:47 | Create | Trade Cart ×5 |
| 4:47 | Create | Trade Cart ×5 |
| 4:48 | Create | Trade Cart ×5 |
| 4:48 | Create | Trade Cart ×5 |
| 4:48 | Create | Trade Cart ×5 |
| 4:49 | Create | Trade Cart ×5 |
| 4:49 | Create | Trade Cart ×5 |
| 4:49 | Create | Trade Cart ×5 |
| 5:24 | Build | Town Center |
| 5:34 | Build | House |
| 5:36 | Build | House |
| 5:38 | Build | House |
| 5:40 | Build | House |
| 5:42 | Build | House |
| 5:44 | Build | House |
| 5:46 | Build | House |
| 6:03 | Create | Villager (Male) ×5 |
| 6:03 | Create | Villager (Male) ×5 |
| 6:03 | Create | Villager (Male) ×5 |
| 6:04 | Create | Villager (Male) ×5 |
| 6:04 | Create | Villager (Male) ×4 |
| 6:19 | Create | Villager (Male) ×5 |
| 6:19 | Create | Villager (Male) ×5 |
| 6:20 | Create | Villager (Male) ×5 |
| 6:40 | Create | Villager (Male) ×5 |
| 6:40 | Create | Villager (Male) ×5 |
| 6:40 | Create | Villager (Male) ×5 |
| 6:41 | Create | Villager (Male) ×5 |
| 6:41 | Create | Villager (Male) ×5 |
| 7:18 | Build | Stone Wall |
| 7:48 | Build | Stone Wall |
| 8:01 | Build | Stone Wall |
| 8:41 | Create | Trade Cart ×5 |
| 8:41 | Create | Trade Cart ×5 |
| 8:41 | Create | Trade Cart ×5 |
| 8:42 | Create | Trade Cart ×2 |
| 9:08 | Build | Building 490 |
| 9:22 | Build | Barracks |
| 9:23 | Build | Barracks |
| 9:25 | Build | Barracks |
| 9:27 | Build | Barracks |
| 9:30 | Build | Barracks |
| 9:32 | Build | Barracks |
| 9:50 | Create | Villager (Male) ×5 |
| 9:51 | Create | Villager (Male) ×5 |
| 9:51 | Create | Villager (Male) ×5 |
| 9:51 | Create | Villager (Male) ×5 |
| 9:52 | Create | Villager (Male) ×5 |
| 9:52 | Create | Villager (Male) ×5 |
| 9:52 | Create | Villager (Male) ×5 |
| 9:52 | Create | Villager (Male) ×5 |
| 9:53 | Create | Villager (Male) ×5 |
| 9:53 | Create | Villager (Male) ×5 |
| 9:53 | Create | Villager (Male) ×5 |
| 9:54 | Create | Villager (Male) |
| 10:06 | Create | Trade Cart ×5 |
| 10:07 | Create | Trade Cart ×5 |
| 10:07 | Create | Trade Cart |
| 10:18 | Build | Building 490 |
| 10:34 | Build | House |
| 10:36 | Build | House |
| 10:38 | Build | House |
| 10:41 | Build | House |
| 10:42 | Build | House |
| 10:49 | Build | House |
| 10:53 | Build | House |
| 10:56 | Build | House |
| 10:58 | Build | House |
| 11:09 | Create | Villager (Male) ×5 |
| 11:09 | Create | Villager (Male) ×5 |
| 11:09 | Create | Villager (Male) ×5 |
| 11:10 | Create | Villager (Male) ×5 |
| 11:37 | Build | Building 490 |
| 11:39 | Build | Building 490 |
| 11:42 | Build | Building 490 |
| 11:44 | Build | Building 490 |
| 11:58 | Build | Siege Workshop |
| 12:00 | Build | Siege Workshop |
| 12:03 | Build | Siege Workshop |
| 12:05 | Build | Siege Workshop |
| 12:08 | Build | Siege Workshop |
| 12:10 | Build | Siege Workshop |
| 12:13 | Build | Siege Workshop |
| 12:16 | Build | Siege Workshop |
| 12:18 | Build | Siege Workshop |
| 12:24 | Build | Stable |
| 12:26 | Build | Stable |
| 12:28 | Build | Stable |
| 12:31 | Build | Stable |
| 12:33 | Build | Stable |
| 12:35 | Build | Stable |
| 12:37 | Build | Stable |
| 12:39 | Build | Stable |
| 12:51 | Create | Trade Cart ×5 |
| 12:51 | Create | Trade Cart ×5 |
| 12:52 | Create | Trade Cart ×4 |
| 12:52 | Create | Trade Cart ×4 |
| 13:12 | Build | Building 490 |
| 13:30 | Build | Stone Wall |
| 13:50 | Build | Lumber Camp |
| 14:14 | Build | House |
| 14:16 | Build | House |
| 14:18 | Build | House |
| 14:26 | Build | House |
Match timeline
| 0:48 | KingShorty71940 · first_building Castle |
| 1:13 | CrazyPanda · first_building Castle |
| 2:35 | CrazyPanda · wall_segment Stone Wall x40 |
| 2:42 | IsaacNewton · wall_segment Stone Wall x26 |
| 2:51 | CrazyPanda · wall_segment Stone Wall x73 |
| 2:53 | IsaacNewton · wall_segment Stone Wall x79 |
| 3:04 | KingShorty71940 · first_building Monastery |
| 3:22 | Turtlesr155 · first_building Castle |
| 3:46 | KingShorty71940 · wall_segment Stone Wall x93 |
| 4:05 | CrazyPanda · wall_segment Stone Wall x113 |
| 4:23 | KingShorty71940 · wall_segment Stone Wall x79 |
| 7:18 | CrazyPanda · wall_segment Stone Wall x8 |
| 7:48 | CrazyPanda · wall_segment Stone Wall x22 |
| 8:01 | CrazyPanda · wall_segment Stone Wall x23 |
| 8:24 | IsaacNewton · first_building Castle |
| 8:32 | Turtlesr155 · first_building Monastery |
| 9:22 | CrazyPanda · first_building Barracks |
| 10:09 | KingShorty71940 · first_building Siege Workshop |
| 11:05 | IsaacNewton · first_building Stable |
| 11:58 | CrazyPanda · first_building Siege Workshop |
| 12:12 | KingShorty71940 · wall_segment Stone Wall x75 |
| 12:24 | CrazyPanda · first_building Stable |
| 13:03 | IsaacNewton · wall_segment Palisade Wall x1 |
| 13:05 | IsaacNewton · wall_segment Palisade Wall x1 |
| 13:30 | CrazyPanda · wall_segment Stone Wall x42 |
| 14:29 | Turtlesr155 · wall_segment Stone Wall x51 |
| 16:30 | KingShorty71940 · wall_segment Stone Wall x126 |
| 16:40 | IsaacNewton · first_building Siege Workshop |
| 16:41 | KingShorty71940 · first_market_buy 100 stone |
| 17:08 | Turtlesr155 · wall_segment Stone Wall x23 |
| 17:13 | CrazyPanda · first_building Archery Range |
| 17:27 | KingShorty71940 · wall_segment Stone Wall x69 |
| 18:46 | KingShorty71940 · wall_segment Stone Wall x17 |
| 18:59 | CrazyPanda · first_building Monastery |
| 20:36 | Turtlesr155 · wall_segment Stone Wall x30 |
| 21:18 | Turtlesr155 · wall_segment Stone Wall x24 |
| 21:41 | IsaacNewton · wall_segment Stone Wall x63 |
| 21:50 | CrazyPanda · wall_segment Stone Wall x1 |
| 21:52 | IsaacNewton · wall_segment Stone Wall x6 |
| 21:55 | CrazyPanda · wall_segment Stone Wall x3 |
| 21:57 | IsaacNewton · wall_segment Stone Wall x15 |
| 22:00 | IsaacNewton · wall_segment Stone Wall x8 |
| 22:05 | KingShorty71940 · wall_segment Stone Wall x95 |
| 23:42 | IsaacNewton · wall_segment Stone Wall x47 |
| 23:49 | IsaacNewton · first_market_buy 500 stone |
| 27:52 | CrazyPanda · wall_segment Stone Wall x37 |
| 30:12 | KingShorty71940 · wall_segment Stone Wall x118 |
| 30:39 | Turtlesr155 · first_market_buy 100 stone |
| 30:44 | IsaacNewton · first_building Archery Range |
| 31:20 | CrazyPanda · wall_segment Stone Wall x8 |
| 31:54 | IsaacNewton · first_building Monastery |
| 32:13 | IsaacNewton · first_building Barracks |
| 32:18 | CrazyPanda · wall_segment Stone Wall x30 |
| 32:26 | Turtlesr155 · wall_segment Stone Wall x8 |
| 32:29 | KingShorty71940 · wall_segment Stone Wall x75 |
| 33:11 | KingShorty71940 · wall_segment Stone Wall x20 |
| 33:41 | KingShorty71940 · wall_segment Stone Wall x48 |
| 34:48 | IsaacNewton · wall_segment Stone Wall x75 |
| 34:50 | IsaacNewton · wall_segment Stone Wall x4 |
| 35:23 | CrazyPanda · wall_segment Stone Wall x35 |
| 35:33 | IsaacNewton · wall_segment Stone Wall x7 |
| 35:35 | IsaacNewton · wall_segment Stone Wall x6 |
| 37:23 | KingShorty71940 · wall_segment Stone Wall x24 |
| 38:05 | Turtlesr155 · wall_segment Stone Wall x44 |
| 38:29 | Turtlesr155 · wall_segment Stone Wall x24 |
| 39:27 | KingShorty71940 · wall_segment Stone Wall x2 |
| 39:33 | Turtlesr155 · first_building Barracks |
| 39:43 | KingShorty71940 · wall_segment Stone Wall x2 |
| 40:17 | KingShorty71940 · wall_segment Stone Wall x19 |
| 40:50 | KingShorty71940 · wall_segment Stone Wall x1 |
| 42:29 | Turtlesr155 · first_building Siege Workshop |
| 45:39 | Turtlesr155 · wall_segment Stone Wall x45 |
| 46:17 | CrazyPanda · wall_segment Stone Wall x16 |
| 47:07 | Turtlesr155 · wall_segment Stone Wall x35 |
| 47:28 | CrazyPanda · wall_segment Stone Wall x18 |
| 47:32 | CrazyPanda · wall_segment Stone Wall x4 |
| 47:40 | CrazyPanda · wall_segment Stone Wall x1 |
| 49:20 | Turtlesr155 · wall_segment Stone Wall x34 |
| 50:32 | Turtlesr155 · wall_segment Stone Wall x54 |
| 50:37 | CrazyPanda · first_market_buy 100 stone |
| 51:19 | CrazyPanda · wall_segment Stone Wall x8 |
| 51:32 | CrazyPanda · wall_segment Stone Wall x51 |
| 53:41 | Turtlesr155 · wall_segment Stone Wall x17 |
| 53:56 | Turtlesr155 · wall_segment Stone Wall x6 |
| 54:20 | Turtlesr155 · wall_segment Stone Wall x24 |
| 55:10 | Turtlesr155 · wall_segment Stone Wall x99 |
| 55:55 | Turtlesr155 · wall_segment Stone Wall x25 |
| 57:59 | CrazyPanda · wall_segment Stone Wall x60 |
| 93:17 | IsaacNewton · wall_segment Stone Wall x13 |
| 100:39 | IsaacNewton · resign |
[ AI ANALYSIS · 1 CREDIT ]
What really happened in this match?
Wolo.gg analyzes every decision: build order, eco, micro, common mistakes by bracket. Personalized analysis on WhatsApp or Discord in 30 seconds.
Civ guide
Khmer
Map guide
Michi
Perfil
Jugador #4124521